 Dungeon Crawl Stone Soup version 0.25-a0-100-g33052ceff8 (webtiles) character file.

Game seed: 7190774842993915873, levelgen mode: deterministic

51335 Ijustatesigmund the Cleaver (level 14, -4/129 HPs)
             Began as a Hill Orc Fighter on Nov 14, 2019.
             Was the Champion of Cheibriados.
             Killed by divine providence
             ... invoked by Saint Roka
              (11 damage)
             ... on level 2 of the Orcish Mines.
             The game lasted 00:43:30 (20211 turns).

Ijustatesigmund the Cleaver (Hill Orc Fighter)     Turns: 20211, Time: 00:43:31

Health: -4/129     AC: 26    Str: 35    XL:     14   Next: 59%
Magic:  20/23      EV: 19    Int: 25    God:    Cheibriados [******]
Gold:   1529       SH: 14    Dex: 32    Spells: 11/13 levels left

rFire    . . .     SeeInvis .   a - +2 war axe (elec)
rCold    + + .     Gourm    .   c - +0 shield
rNeg     . . .     Faith    .   b - +1 storm dragon scales
rPois    +         Spirit   .   q - +1 helmet
rElec    +         Reflect  .   s - +1 cloak {rPois}
rCorr    .         Harm     .   H - +0 pair of gloves
MR       +....                  y - +2 pair of boots
Stlth    ..........             (no amulet)
HPRegen  0.31/turn              L - ring of ice
MPRegen  0.18/turn              E - ring of protection from cold

@: agile, very slightly contaminated, studying Ice Magic, lightly drained, very
slow
A: clever 1, clumsy 1, fire resistance 1
a: Bend Time, Temporal Distortion, Slouch, Step From Time, Renounce Religion,
Convert to Beogh


You were on level 2 of the Orcish Mines.
You worshipped Cheibriados.
Cheibriados was exalted by your worship.
You were not hungry.

You visited 3 branches of the dungeon, and saw 17 of its levels.
You also visited: Ice Cave.

You collected 1781 gold pieces.
You spent 252 gold pieces at shops.

Inventory:

Hand Weapons
 a - a +2 war axe of electrocution (weapon)
 o - a +4 whip
 J - the +9 staff of Olgreb {rPois}
   (You found it on level 5 of the Dungeon)

   It protects you from poison.
Missiles
 D - 11 javelins (quivered)
Armour
 b - +1 storm dragon scales (worn)
 c - a +0 shield (worn)
 q - a +1 helmet (worn)
 s - a +1 cloak of poison resistance (worn)
 y - a +2 pair of boots (worn)
 H - a +0 pair of gloves (worn)
Jewellery
 e - an uncursed ring of fire
 l - a +6 ring of strength
 v - an uncursed ring of resist corrosion
 B - an uncursed ring of fire
 E - a ring of protection from cold (right hand)
 L - a ring of ice (left hand)
Wands
 d - a wand of iceblast (43)
 h - a wand of paralysis (6)
 i - a wand of flame (9)
 k - a wand of clouds (2)
 x - a wand of disintegration (14)
 I - a wand of acid (19)
Scrolls
 j - 7 scrolls of remove curse
 n - a scroll of magic mapping
 p - 2 scrolls of immolation
 t - 2 scrolls of amnesia
 u - 2 scrolls of teleportation
 w - 4 scrolls of enchant weapon
 A - a scroll of enchant armour
 F - a scroll of blinking
 K - a scroll of identify
Potions
 g - 2 potions of ambrosia
 m - 3 potions of flight
 z - 2 potions of curing
 C - 2 potions of mutation
 G - 3 potions of brilliance
 O - a potion of heal wounds
 P - a potion of magic
Books
 M - a manual of Ice Magic
 N - a manual of Ice Magic
Comestibles
 f - 29 rations
 Q - a chunk of flesh


   Skills:
 - Level 13.3(13.0) Fighting
 - Level 14.2(13.9) Axes
 - Level 11.4(11.1) Armour
 - Level 6.3(6.1) Dodging
 - Level 8.1(7.8) Shields
 + Level 8.5(8.3) Charms
 - Level 12.0(11.7) Invocations
 - Level 4.3(4.1) Evocations


You had 11 spell levels left.
You knew the following spells:

 Your Spells              Type           Power        Failure   Level  Hunger
a - Song of Slaying       Chrm           #####...     5%          2    ###....

Your spell library contained the following spells:

 Spells                   Type           Power        Failure   Level  Hunger
 Infusion                 Chrm           ####         3%          1    ##.....
 Ozocubu's Armour         Chrm/Ice       ####....     50%         3    ####...
 Confusing Touch          Hex            #.....       71%         1    ##.....
 Passwall                 Tmut/Erth      #.......     85%         2    ###....
 Confuse                  Hex            #.......     97%         3    ####...
 Gell's Gravitas          Tloc           #.........   97%         3    ####...
 Ignite Poison            Fire/Tmut/Pois #.......     97%         3    ####...
 Mephitic Cloud           Conj/Pois/Air  #.......     97%         3    ####...
 Petrify                  Tmut/Erth      #.......     100%        4    #####..
 Bolt of Draining         Conj/Necr      #.........   100%        5    ######.
 Fireball                 Conj/Fire      #.........   100%        5    ######.
 Irradiate                Conj/Tmut      #.........   100%        5    ######.
 Metabolic Englaciation   Hex/Ice        #.........   100%        5    ######.
 Yara's Violent Unravell  Hex/Tmut       #.........   100%        5    ######.


Dungeon Overview and Level Annotations

Branches:
Dungeon (14/15)            Temple (1/1) D:5            Lair (0/6) D:8
    Orc (2/2) D:10         Vaults (0/5) D:14          IceCv (visited)
    Elf: Orc:2

Altars:
Ashenzari
Cheibriados
Dithmenos
Elyvilon
Fedhas
Gozag
Hepliaklqana
Kikubaaqudgha
Makhleb
Nemelex Xobeh
Okawaru
Qazlal
Ru
Sif Muna
Trog
Uskayaw
Vehumet
Wu Jian
Xom
Yredelemnul
Zin
The Shining One

Shops:
D:12 (*

Annotations:
D:5 1 runed translucent door
D:6 1 runed translucent door, borgmanm's ghost, novice HOBe
D:13 Rupert
Orc:2 Saint Roka


Innate Abilities, Weirdness & Mutations

Your mind is acute. (Int +2)
You are clumsy. (Dex -2)
Your flesh is heat resistant. (rF+)


Message History

The bolt of acid hits Saint Roka but does no damage.
Saint Roka is severely wounded.
The bolt of acid hits the orc warrior.
The orc warrior is splashed with acid.
The acid corrodes the orc warrior!
You kill the orc warrior!
Cheibriados appreciates the change of pace.
Saint Roka mumbles some strange prayers to Beogh against you.
Beogh smites you!
* * * LOW HITPOINT WARNING * * *
Blink to where?
Press: ? - help, Dir - move target cursor, p - Saint Roka You are very lightly contaminated with residual magic.
As you read the scroll of blinking, it crumbles to dust.
Saint Roka cries, "Beogh give me strength!"
Saint Roka calls down the wrath of Beogh upon you.
Beogh smites you!
* * * LOW HITPOINT WARNING * * *
Saint Roka calls down the wrath of Beogh upon you.
Beogh smites you!
You die...

............###
...............##
..........#......#
..............#.##
.............#...#
..............#..##
..................#
..........)......##
..#.....@.)......#
..................##
..................# .
..................# ..#
.................## ..
#.................##
..)#†##).................#
#.))..))o...............##
##§##............###


You could see Saint Roka.

Vanquished Creatures
  Nessos (D:14)
  Azrael (D:14)
  An ettin (D:14)
  A yaktaur captain (D:14)
  Harold (D:8)
  Erolcha (D:9)
  3 centaur warriors
  A death knight (D:13)
  4 two-headed ogres
  Urug (D:14)
  A deep elf knight (D:13)
  3 unseen horrors
  A flayed ghost (D:14)
  A phantasmal warrior (D:13)
  An orc knight (D:14)
  A deep elf mage (D:14)
  A necromancer (IceCv)
  An orc sorcerer (Orc:1)
  4 cyclopes
  2 manticores (D:14)
  3 ugly things (D:11)
  Maurice (D:8)
  An ice statue (IceCv)
  Psyche (D:8)
  2 kobold demonologists
  An efreet (D:14)
  12 freezing wraiths
  2 komodo dragons
  A komodo dragon (shapeshifter) (D:14)
  6 trolls
  A polar bear (D:10)
  A wolf spider simulacrum (IceCv)
  2 hornets
  5 hippogriffs
  A slime creature (D:14)
  14 yaks
  A basilisk (D:13)
  A vampire (D:11)
  2 wraiths (D:13)
  3 hogs (D:8)
  2 fire elementals (D:14)
  17 humans
  A hungry ghost (D:14)
  A yak (shapeshifter) (D:11)
  A death yak simulacrum (IceCv)
  6 vampire mosquitoes
  3 wargs
  3 soldier ants (D:5)
  6 water moccasins
  3 hell hounds (D:14)
  A meliai simulacrum (D:10)
  9 sky beasts
  11 ice beasts
  2 phantoms
  2 necrophages
  19 orc warriors
  2 black bears
  An alligator simulacrum (IceCv)
  13 ogres
  21 centaurs
  A wolf (D:10)
  A crocodile (D:11)
  4 big kobolds
  13 bullfrogs
  A wyvern zombie (D:6)
  3 scorpions
  26 killer bees
  7 wights
  A howler monkey (D:6)
  6 crimson imps
  A bullfrog zombie (D:9)
  3 centaur zombies
  4 draconian simulacra (IceCv)
  4 hounds
  4 jellies
  19 orc priests
  18 orc wizards
  Crazy Yiuf (D:4)
  6 bullfrog skeletons
  11 centaur skeletons
  Natasha (thrice) (D:3)
  8 iguanas
  25 worker ants
  A spriggan simulacrum (IceCv)
  A wolf simulacrum (IceCv)
  4 troll simulacra (IceCv)
  2 centaur simulacra (IceCv)
  A bullfrog simulacrum (D:10)
  A worker ant zombie (D:5)
  4 gnolls
  3 ogre simulacra (IceCv)
  19 adders
  2 howler monkey skeletons
  6 naga simulacra (IceCv)
  A shadow imp (D:11)
  12 white imps (IceCv)
  2 oozes (D:1)
  2 adder skeletons
  2 adder zombies
  4 worms
  5 leopard geckos
  85 orcs
  A ball python (D:4)
  2 bats
  4 giant cockroaches
  10 goblins
  8 hobgoblins
  9 jackals
  4 quokkas
  4 frilled lizards
  A jackal skeleton (D:7)
  30 kobolds
  3 leopard gecko skeletons
  10 rats
  A plant (D:8)
630 creatures vanquished.

Notes
Turn   | Place    | Note
-------+----------+-------------------------------------------
     0 | D:1      | Ijustatesigmund the Hill Orc Fighter began the quest for
                  | the Orb.
     0 | D:1      | Reached XP level 1. HP: 19/19 MP: 1/1
    32 | D:1      | Reached skill level 3 in Axes
    90 | D:1      | Reached XP level 2. HP: 27/27 MP: 2/2
   583 | D:1      | Reached skill level 4 in Axes
   583 | D:1      | Reached XP level 3. HP: 32/33 MP: 3/3
  1110 | D:2      | Reached XP level 4. HP: 40/41 MP: 4/4
  1563 | D:3      | Noticed Natasha
  1570 | D:3      | Killed Natasha
  1570 | D:3      | Reached skill level 5 in Axes
  1570 | D:3      | Reached XP level 5. HP: 47/47 MP: 5/5
  1734 | D:3      | Noticed Natasha
  1743 | D:3      | Killed Natasha
  1743 | D:3      | Reached skill level 5 in Fighting
  2077 | D:3      | Reached XP level 6. HP: 42/56 MP: 6/6
  2420 | D:3      | Reached skill level 6 in Axes
  2533 | D:3      | Noticed Natasha
  2541 | D:3      | Killed Natasha
  2700 | D:4      | Reached skill level 5 in Armour
  2772 | D:4      | Found a runed translucent door.
  2773 | D:4      | Noticed Crazy Yiuf
  2779 | D:4      | Killed Crazy Yiuf
  2905 | D:4      | Reached XP level 7. HP: 63/63 MP: 7/7
  2965 | D:4      | Reached skill level 1 in Dodging
  3055 | D:4      | Reached skill level 7 in Axes
  3303 | D:4      | Reached XP level 8. HP: 61/71 MP: 8/8
  3953 | D:5      | Entered Level 5 of the Dungeon
  4029 | D:5      | Found the +9 staff of Olgreb {rPois}
  4047 | D:5      | Found a runed translucent door.
  4056 | D:5      | Found a runed translucent gate.
  4056 | D:5      | Found a runed translucent gate.
  4057 | D:5      | Found a runed translucent door.
  4107 | D:5      | Reached skill level 8 in Axes
  4658 | D:5      | Found a runed translucent gate.
  4793 | D:5      | Found a staircase to the Ecumenical Temple.
  5047 | D:5      | Reached XP level 9. HP: 54/80 MP: 9/9
  5451 | D:6      | Reached skill level 5 in Shields
  5696 | D:6      | Reached skill level 9 in Axes
  5797 | D:6      | Found a runed translucent door.
  6482 | D:6      | Noticed borgmanm's ghost (novice HOBe)
  6689 | D:7      | Reached XP level 10. HP: 70/90 MP: 10/10
  6691 | D:7      | Reached skill level 5 in Dodging
  7502 | D:7      | Reached skill level 10 in Axes
  7596 | D:7      | Found a stormy altar of Qazlal.
  7738 | Temple   | Entered the Ecumenical Temple
  7745 | Temple   | Became a worshipper of Cheibriados the Contemplative
  7898 | D:5      | Reached * piety under Cheibriados
  8183 | D:8      | Found a basalt altar of Yredelemnul.
  8197 | D:8      | Reached skill level 1 in Invocations
  8199 | D:8      | Reached skill level 1 in Evocations
  8227 | D:8      | Noticed Maurice
  8574 | D:8      | Gained mutation: You are clumsy. (Dex -2) [potion of
                  | mutation]
  8574 | D:8      | Gained mutation: Your flesh is heat resistant. (rF+)
                  | [potion of mutation]
  8574 | D:8      | Gained mutation: You evolve. [potion of mutation]
  8662 | D:8      | Found a shadowy altar of Dithmenos.
  8675 | D:8      | Reached ** piety under Cheibriados
  8815 | D:8      | Found an opulent altar of Gozag.
  8819 | D:8      | Killed Maurice
  8859 | D:8      | Noticed Psyche
  8875 | D:8      | Killed Psyche
  8875 | D:8      | Reached XP level 11. HP: 92/99 MP: 12/14
  8981 | D:8      | Reached skill level 5 in Invocations
  9241 | D:8      | Noticed Harold
  9257 | D:8      | Killed Harold
  9525 | D:8      | Found a staircase to the Lair.
  9538 | D:8      | Reached skill level 10 in Fighting
  9625 | D:9      | Noticed Erolcha
  9641 | D:9      | Killed Erolcha
  9736 | D:9      | Reached *** piety under Cheibriados
  9861 | D:9      | Gained mutation: Your mind is acute. (Int +2) [evolution]
  9861 | D:9      | Lost mutation: You evolve. [end of evolution]
  9886 | D:9      | Reached skill level 11 in Axes
 10518 | D:9      | Found a hazy altar of Hepliaklqana.
 10701 | D:10     | Entered Level 10 of the Dungeon
 10793 | D:10     | Reached **** piety under Cheibriados
 11103 | D:10     | Found a staircase to the Orcish Mines.
 11238 | D:10     | Reached ***** piety under Cheibriados
 11279 | D:10     | Found a shattered altar of Ashenzari.
 11349 | D:10     | Found Sirrek's Jewellery Boutique.
 11359 | D:10     | Reached XP level 12. HP: 103/108 MP: 18/18
 11441 | D:10     | Noticed a two-headed ogre
 11458 | D:10     | Killed a two-headed ogre
 11953 | D:11     | Found a radiant altar of Vehumet.
 11984 | D:11     | Reached skill level 12 in Axes
 12430 | D:11     | Reached skill level 10 in Armour
 12715 | D:11     | Reached ****** piety under Cheibriados
 12801 | D:11     | Noticed a centaur warrior
 12820 | D:11     | Killed a centaur warrior
 13227 | D:11     | Reached skill level 10 in Invocations
 13498 | D:12     | Found Dasettol's Assorted Antiques.
 13867 | D:12     | Reached skill level 13 in Axes
 13897 | D:12     | Bought a scroll of teleportation for 72 gold pieces
 13897 | D:12     | Bought a scroll of blinking for 180 gold pieces
 13963 | D:12     | Reached XP level 13. HP: 96/118 MP: 16/20
 14370 | D:12     | Found Fearamiy's Antique Weapon Boutique.
 15334 | D:14     | Noticed Rupert
 15336 | D:14     | Paralysed by Rupert for 7 turns
 15431 | D:14     | Found a frozen archway.
 15449 | IceCv    | Entered an ice cave
 15457 | IceCv    | Reached skill level 14 in Axes
 16613 | IceCv    | Found an ancient bone altar of Kikubaaqudgha.
 17298 | D:14     | Identified Wehipips's Tome of Noxious Good Luck
 17303 | D:14     | Learned a level 2 spell: Song of Slaying
 17331 | D:14     | Reached skill level 1 in Charms
 17461 | D:14     | Noticed Nessos
 17461 | D:14     | Noticed Urug
 17464 | D:14     | Reached XP level 14. HP: 129/129 MP: 23/23
 17514 | D:14     | Found a gate to the Vaults.
 17516 | D:14     | Killed Nessos
 17516 | D:14     | Reached skill level 5 in Charms
 18128 | D:14     | Identified the Incunabulum of Damaging Transformation
 18144 | D:14     | Found a runed translucent door.
 18177 | D:14     | Noticed Azrael
 18201 | D:14     | Killed Azrael
 18725 | D:14     | Killed Urug
 18992 | D:14     | Found a sacrificial altar of Ru.
 19206 | Orc:1    | Entered Level 1 of the Orcish Mines
 19692 | Orc:1    | Found a bloodstained altar of Trog.
 20127 | Orc:2    | Entered Level 2 of the Orcish Mines
 20192 | Orc:2    | Noticed Saint Roka
 20211 | Orc:2    | Killed from afar by Saint Roka

Levels and vault maps discovered:
D:1:      dpeg_arrival_castle, layout_basic
D:2:      layout_rooms
D:3:      layout_loops_corners, first_ration, uniq_natasha
D:4:      layout_loops_ring, minmay_pentangle, uniq_crazy_yiuf_cottage
D:5:      layout_basic, minmay_temple_entry_statues_pillars, st_stairs_6,
          minmay_guarded_unrand_staff_of_olgreb
D:6:      layout_loops_corners, ebering_ghost_inner_flame
D:7:      layout_basic, nicolae_qazlal_eye_of_the_storm
D:8:      layout_rooms, minitemple, david_lair_shrubbed, grunt_livestock,
          grunt_dithmenos_smoke_and_mirrors, uniq_psyche, uniq_harold,
          uniq_maurice
D:9:      wad_arrow_thing, layout_loops_ring, kennysheep_little_box,
          uniq_erolcha
D:10:     layout_loops_corners, hiddenorc1_lemuel, serial_shops, shop_statue,
          basic_altar, serial_ice, serial_ice_o, serial_ice_k, serial_ice_g,
          serial_ice_a, item_on_display_a
D:11:     hangedman_cross_veins, layout_loops_cross, basic_altar, st_stairs_11,
          kennysheep_generic_room_7
D:12:     layout_cave_pools, serial_shops, nicolae_shop_overgrown_old_shop, shop
D:13:     layout_big_octagon
D:14:     minmay_ambush_box, layout_loops_cross, david_vaults_3,
          nicolae_ru_path_of_blood, portal_ice_cave_entry_pillars_1,
          minivault_13, uniq_azrael, uniq_rupert
Temple:   nicolae_temple_no_exploring_needed
Orc:1:    layout_diamond_mine, trog_butcher_becter
Orc:2:    st_orc_ogre_mass, layout_caves, uniq_donald, uniq_saint_roka

Skill      XL: |  1  2  3  4  5  6  7  8  9 10 11 12 13 14 |
---------------+-------------------------------------------+-----
Axes           | 3 4 5 6 7 8 9 10 11 13 14 | 14.2
Fighting       | 4 5 6 7 8 9 10 12 13 | 13.3
Armour         | 4 5 6 7 8 9 10 11 | 11.4
Dodging        | 2 3 4 5 6 |  6.3
Shields        | 4 6 7 8 |  8.1
Invocations    | 4 8 10 12 | 12.0
Evocations     | 3 4 |  4.3
Charms         | 2 8 |  8.5

Action                   |  1- 3 |  4- 6 |  7- 9 | 10-12 | 13-15 || total
-------------------------+-------+-------+-------+-------+-------++-------
Melee: War axe           |    97 |   177 |   389 |   896 |   584 ||  2143
Throw: Javelin           |       |       |       |     3 |       ||     3
Invok: Bend Time         |       |       |       |     2 |     1 ||     3
       Slouch            |       |       |       |       |     9 ||     9
Evoke: Wand              |       |       |     1 |     2 |    23 ||    26
  Use: Scroll            |     9 |     2 |     6 |    11 |    10 ||    38
       Potion            |       |     1 |     1 |     7 |     2 ||    11
 Stab: Paralysed         |       |       |     3 |       |       ||     3
       Confused          |       |       |       |       |     1 ||     1
  Eat: Chunk             |     1 |     6 |     9 |    10 |     4 ||    30
       Ration            |       |       |     1 |     2 |     2 ||     5
Armor: Scale mail        |    13 |       |       |       |       ||    13
       Storm dragon scal |    21 |    98 |   168 |   413 |   246 ||   946
Dodge: Dodged            |    28 |    39 |    80 |   355 |   255 ||   757
Block: Shield            |    49 |    95 |   180 |   636 |   406 ||  1366

Table legend:
 A = Non-vault XP
 B = Vault XP
 C = Vault XP percentage of total XP
 D = Non-vault monster count
 E = Vault monster count
 F = Vault count percentage of total count
                 A         B        C        D         E       F
            +---------+---------+-------+---------+---------+-------
      Total |   34984 |   38353 |  52.3 |     422 |     207 |  32.9
            +---------+---------+-------+---------+---------+-------
        D:1 |      38 |       0 |   0.0 |      19 |       0 |   0.0
        D:2 |      93 |       0 |   0.0 |      21 |       0 |   0.0
        D:3 |     360 |      35 |   8.9 |      40 |       1 |   2.4
        D:4 |    1020 |     189 |  15.6 |      27 |       8 |  22.9
        D:5 |     522 |    1928 |  78.7 |      20 |      24 |  54.5
        D:6 |    1669 |       0 |   0.0 |      36 |       0 |   0.0
        D:7 |    1925 |       0 |   0.0 |      23 |       0 |   0.0
        D:8 |    1024 |    3254 |  76.1 |      24 |       9 |  27.3
        D:9 |    1426 |    2026 |  58.7 |      20 |      10 |  33.3
       D:10 |    3866 |    1233 |  24.2 |      39 |      23 |  37.1
       D:11 |    3859 |    5502 |  58.8 |      45 |      24 |  34.8
       D:12 |    3785 |       0 |   0.0 |      32 |       0 |   0.0
       D:13 |    8050 |     798 |   9.0 |      30 |       1 |   3.2
       D:14 |    4578 |   15605 |  77.3 |      13 |      39 |  75.0
      Orc:1 |    2576 |     239 |   8.5 |      26 |       4 |  13.3
      Orc:2 |     193 |     969 |  83.4 |       7 |      10 |  58.8
      IceCv |       0 |    6575 | 100.0 |       0 |      54 | 100.0
            +---------+---------+-------+---------+---------+-------
